 Dungeon Crawl Stone Soup version 0.17-a0-1830-g81820eb (webtiles) character file.

193 luca467 the Skirmisher (level 5, -2/38 HPs)
             Began as an Octopode Fighter on Sept 13, 2015.
             Killed from afar by WhatIsLove's ghost (8 damage)
             ... with a magic dart
             ... on level 3 of the Dungeon.
             The game lasted 00:07:40 (1653 turns).

luca467 the Skirmisher (Octopode Fighter)           Turns: 1653, Time: 00:07:41

Health: -2/38      AC:  1    Str: 15    XL:     5   Next: 72%
Magic:  5/5        EV: 10    Int: 11    God:
Gold:   76         SH:  8    Dex: 12    Spells: 0 memorised, 4 levels left

rFire  . . .     SeeInvis .     p - +0 short sword (venom)
rCold  . . .     Clarity  .     b - +0 shield
rNeg   . . .     SustAt   .     (helmet restricted)
rPois  .         Gourm    .     (no amulet)
rElec  .         Spirit   .     (no ring)
rCorr  .         Warding  .     (no ring)
rMut   .         Stasis   .     (no ring)
MR     .....                    (no ring)
Stlth  +++.......               (no ring)
                                (no ring)
                                (no ring)
                                (no ring)

@: not resistant to hostile enchantments, fairly stealthy
A: almost no armour, amphibious, 8 rings, constrict 8, camouflage 1, gelatinous
body 1
a: no special abilities


You were on level 3 of the Dungeon.
You were not hungry.

You visited 1 branch of the dungeon, and saw 3 of its levels.

You collected 76 gold pieces.

Inventory:

Hand weapons
 a - a +0 rapier
 p - a +0 short sword of venom (weapon)
Armour
 b - a +0 shield (worn)
Jewellery
 n - an uncursed amulet of stasis {unknown}
Scrolls
 e - a scroll of random uselessness {unknown}
 g - a scroll of remove curse {unknown}
 h - a scroll of teleportation {unknown}
 j - a scroll of recharging {unknown}
 o - a scroll of fog {unknown}
 q - a scroll of identify {unknown}
 r - a scroll of fear {unknown}
Potions
 c - a potion of might
 f - a potion of resistance {unknown}
 k - a potion of lignification {unknown}
 l - 2 potions of magic
Comestibles
 d - a bread ration
 i - a fruit
 m - a meat ration


   Skills:
 * Level 4.6 Fighting
 * Level 3.9 Short Blades
 - Level 3.0 Dodging
 + Level 2.8 Stealth
 - Level 3.0 Shields


You had 4 spell levels left.
You didn't know any spells.

Dungeon Overview and Level Annotations

Branches:
Dungeon (3/15)

Altars:
Cheibriados
Elyvilon
Fedhas
Kikubaaqudgha
Vehumet

Annotations:
D:3 WhatIsLove's ghost, average TeCj


Innate Abilities, Weirdness & Mutations

You cannot wear most types of armour.
You are amphibious.
You can wear up to eight rings at the same time.
You can use your tentacles to constrict eight enemies at once.
Your skin changes colour to match your surroundings (Stealth).
Your rubbery body absorbs attacks (AC +1).


Message History

WhatIsLove's ghost is moderately damaged.
You block WhatIsLove's ghost's attack.
You hit WhatIsLove's ghost but do no damage.
WhatIsLove's ghost is moderately damaged.
WhatIsLove's ghost hits you.
You hit WhatIsLove's ghost but do no damage.
Your squeeze misses WhatIsLove's ghost.
WhatIsLove's ghost is moderately damaged.
WhatIsLove's ghost casts a spell at you.
The magic dart hits you!
* * * LOW HITPOINT WARNING * * *
You hit WhatIsLove's ghost.
WhatIsLove's ghost is heavily damaged.
WhatIsLove's ghost hits you but does no damage.
A goblin comes into view. It is wielding a dagger.
Drink which item? (? for menu, Esc to quit)
It was a potion of magic.
Magic courses through your body.
WhatIsLove's ghost casts a spell at you.
The magic dart hits you!
You die...

#.....# .#g# ... ..
#.....#####...#...
..######..##......#....#..
.....##..>#######...#.....
...............###..[#
...............##..#.#
...............##)## .#
...............#W.# ..
.).†............@.# ##
#..............##.#
..###.....<....##.# ###
#..........##..
..###..........####.
...##..........# ..
....##########.. .. ....#
#. ... ....#


You could see WhatIsLove's ghost.

Vanquished Creatures
  An orc wizard (D:3)
  An iguana (D:3)
  Natasha (thrice) (D:2)
  5 adders
  An ooze (D:1)
  3 worms (D:2)
  An orc (D:3)
  2 giant cockroaches (D:1)
  5 hobgoblins
  A ball python (D:1)
  9 bats
  4 giant newts
  8 goblins
  3 kobolds
  6 rats
53 creatures vanquished.

Notes
Turn   | Place    | Note
--------------------------------------------------------------
     0 | D:1      | luca467 the Octopode Fighter began the quest for the Orb.
     0 | D:1      | Reached XP level 1. HP: 16/16 MP: 1/1
    94 | D:1      | Reached XP level 2. HP: 15/21 MP: 2/2
   204 | D:1      | You fall through a shaft!
   209 | D:2      | Reached skill level 1 in Stealth
   231 | D:2      | Found a white marble altar of Elyvilon.
   394 | D:2      | Found a radiant altar of Vehumet.
   403 | D:2      | Noticed Natasha
   415 | D:2      | Killed Natasha
   415 | D:2      | Reached XP level 3. HP: 18/26 MP: 3/3
   529 | D:2      | Found a blossoming altar of Fedhas.
   600 | D:2      | Reached XP level 4. HP: 20/33 MP: 4/4
   750 | D:1      | Reached skill level 4 in Fighting
  1216 | D:2      | Noticed Natasha
  1221 | D:2      | Killed Natasha
  1342 | D:2      | Reached XP level 5. HP: 37/37 MP: 5/5
  1357 | D:2      | Found an ancient bone altar of Kikubaaqudgha.
  1360 | D:2      | Found a snail-covered altar of Cheibriados.
  1409 | D:2      | Noticed Natasha
  1414 | D:2      | Killed Natasha
  1625 | D:3      | Noticed WhatIsLove's ghost (average TeCj)
  1653 | D:3      | Killed from afar by WhatIsLove's ghost

Vault maps used:
D:1:      dpeg_arrival_subterranean_lakeside_camping
D:2:      vehumet_crystals, minitemple, elyvilon_altar_3, uniq_natasha
D:3:      nicolae_dithmenos_through_a_glass_darkly

Action                   |  1- 3 |  4- 6 || total
-------------------------+-------+-------++-------
Melee: Rapier            |    38 |    33 ||    71
       Short sword       |       |    45 ||    45
  Use: Potion            |       |     1 ||     1
 Stab: Sleeping          |     8 |    10 ||    18
  Eat: Chunk             |       |     2 ||     2
